Khor, chaotic male elven Wizard O H.. .@. Ph. g Khor the Conjurer Experience level: 5 Strength: 10 Dexterity: 13 Constitution: 16 Intelligence: 14 Wisdom: 10 Charisma: 8 Health: 0(37) Energy: 39(39) Def: 1 Gold: 695 Moves: 1954 Dungeon seed: ctF6ZTzW3tJ_aq-y Game ID: Khor_1433429477 Your Inventory: Coins $ - 695 gold pieces Weapons a - a blessed +1 quarterstaff Armor e - an uncursed +0 cloak of magic resistance (being worn) Comestibles u - an uncursed sprig of wolfsbane v - an uncursed tripe ration B - 3 uncursed food rations K - 3 uncursed coffee beans Scrolls i - 5 uncursed scrolls of identify j - an uncursed scroll of remove curse q - an uncursed scroll of destroy armor s - an uncursed scroll of taming t - an uncursed scroll of food detection H - an uncursed scroll of scare monster Spellbooks l - a blessed spellbook of magic missile G - a blessed spellbook of force bolt Potions g - a blessed potion of invisibility h - an uncursed potion of enlightenment z - a potion of holy water C - a blessed potion of polymorph D - an uncursed potion of blindness J - 2 uncursed potions of water O - a blessed potion of hallucination P - an uncursed potion of see invisible Rings c - an uncursed ring of poison resistance d - an uncursed +2 ring of increase accuracy x - a cursed ring of teleport control Wands b - an uncursed wand of light (0:14) E - an uncursed wand of enlightenment (0:11) I - an uncursed wand of enlightenment (0:13) Tools k - an uncursed credit card n - an uncursed magic marker (0:80) o - an uncursed tooled horn p - an uncursed +0 pick-axe (weapon in hand) L - an uncursed magic harp (0:7) T - an uncursed blindfold Spells known in the end: Name Level Category Fail Memory a - force bolt 1 attack 0% 91% b - magic missile 2 attack 0% 91% c - jumping 1 escape 0% 91% Your skills at the end: Fighting Skills Weapon Skills quarterstaff [Basic] Spellcasting Skills attack spells [Basic] enchantment spells [Basic] Final Attributes: You were piously aligned. You were cold resistant. You were sleep resistant. You were magic-protected. You had infravision. You are dead. Vanquished creatures: a freezing sphere a werewolf a dwarf lord a raven an ape a shrieker a gnome lord a dwarf 2 hill orcs a dwarf zombie 5 iguanas a gas spore a giant rat a brown mold a red mold 3 gnomes a gnome zombie a gecko 4 foxen a kobold 2 grid bugs 2 newts 34 creatures vanquished. Voluntary challenges: You used a wielded weapon 46 times, starting on turn 36. You read items or engraved 9 times, starting on turn 927. You never genocided any monsters. You never polymorphed an object. You never changed form. You used no wishes. You never split a pudding. You wrote Elbereth's name 7 times, starting on turn 1192. You never violated your personal moral code. Dungeon overview: The Dungeons of Doom: levels 1 to 22 Level 1 a fountain a long staircase Level 2 stairs to The Gnomish Mines Level 3 a fountain Level 4 Level 5 Level 6 Level 7 Level 8 Level 9 Level 10 Level 11 a fountain Level 12 Level 13 many fountains Level 14 Level 15 Level 16 Level 17 Level 18 Level 19 Level 20 Level 21 Level 22 <- You were here The Gnomish Mines: Level 3 stairs to The Dungeons of Doom History has recorded: On T:1 you entered the Dungeons of Doom to retrieve the Amulet of Yendor! On T:134 you reached level 2 of The Dungeons of Doom. On T:203 you reached level 3 of The Dungeons of Doom. On T:427 you advanced to experience level 2. On T:867 you reached level 4 of The Dungeons of Doom. On T:921 you reached level 5 of The Dungeons of Doom. On T:1132 you advanced to experience level 3. On T:1302 you reached level 1 of The Gnomish Mines. On T:1342 you advanced to experience level 4. On T:1466 you reached level 6 of The Dungeons of Doom. On T:1495 you reached level 7 of The Dungeons of Doom. On T:1530 you reached level 8 of The Dungeons of Doom. On T:1563 you reached level 9 of The Dungeons of Doom. On T:1576 you reached level 10 of The Dungeons of Doom. On T:1602 you advanced to experience level 5. On T:1642 you reached level 11 of The Dungeons of Doom. On T:1705 you reached level 12 of The Dungeons of Doom. On T:1732 you reached level 13 of The Dungeons of Doom. On T:1767 you reached level 14 of The Dungeons of Doom. On T:1789 you reached level 15 of The Dungeons of Doom. On T:1823 you reached level 16 of The Dungeons of Doom. On T:1845 you reached level 17 of The Dungeons of Doom. On T:1870 you reached level 18 of The Dungeons of Doom. On T:1884 you reached level 19 of The Dungeons of Doom. On T:1910 you reached level 20 of The Dungeons of Doom. On T:1931 you reached level 21 of The Dungeons of Doom. On T:1953 you reached level 22 of The Dungeons of Doom. Score breakdown: Gold: 695 ( 9669 points) Experience: 5 levels (11141 points) Exploration: 22 levels ( 44.90%) (19843 points) Discoveries: 0 items ( 0.00%) ( 0 points) Valuables value: (no points given unless you survive) Artifact value: 0 ( 0 points) Variety of kills: 22 monsters ( 5.80%) ( 7227 points) Time penalty: 1954 turns ( 0 points) Survival: died (score multiplied by 80%) Total score: 38304 Latest messages: The green slime turns to flee! The ogre king turns to flee! The master mind flayer hits! The master mind flayer's tentacles suck you! Your brain is eaten! You feel stupid! The master mind flayer's tentacles suck you! Your brain is eaten! You feel stupid! The master mind flayer's tentacles suck you! Your brain is eaten! You feel stupid! The master mind flayer's tentacles suck you! Your brain is eaten! You feel very stupid! The master mind flayer's tentacles suck you! Your brain is eaten! You feel stupid! The titan hurls a puce potion! The jar crashes on your head and breaks into shards. This burns a lot! You die... Final status: Goodbye Khor the Wizard, killed by being doused in acid... You died in The Dungeons of Doom on dungeon level 22 with 38304 points, and 695 pieces of gold, after 1954 moves. You were level 5 with a maximum of 37 hit points when you died.